 Dungeon Crawl Stone Soup version 0.27-a0-1202-ge72e49191c (webtiles) character file.

Game seed: 5393185235768092020

78 hatdisgam the Digger (level 4, -7/30 HPs)
             Began as a Formicid Earth Elementalist on June 4, 2021.
             Mangled by Crazy Yiuf
             ... wielding a +3 quarterstaff of chaos
              (14 damage)
             ... on level 2 of the Dungeon.
             The game lasted 00:03:07 (3534 turns).

hatdisgam the Digger (Formicid Earth Elementalist)  Turns: 3534, Time: 00:03:08

Health: -7/30      AC:  2    Str: 13    XL:     4   Next: 61%
Magic:  2/8        EV: 12    Int: 15    God:
Gold:   103        SH:  0    Dex: 11    Spells: 5/9 levels left

rFire    . . .     SeeInvis +   k - +0 hand axe
rCold    . . .     Faith    .   (no shield)
rNeg     . . .     Spirit   .   c - +0 robe
rPois    .         Reflect  .   (helmet unavailable)
rElec    .         Harm     .   (no cloak)
rCorr    .         Rampage  .   (no gloves)
Will     .....                  (no boots)
Stlth    ++........             (no amulet)
HPRegen  0.10/turn              (no ring)
MPRegen  0.11/turn              (no ring)

@: no status effects
A: permanent stasis, dig shafts and tunnels, antennae 3, four strong arms
a: Dig, Shaft Self


You were on level 2 of the Dungeon.
You visited 1 branch of the dungeon, and saw 2 of its levels.

You collected 103 gold pieces.

Inventory:

Hand Weapons
 a - a +0 whip
 k - a +0 hand axe (weapon)
Missiles
 b - 66 stones
Armour
 c - a +0 robe (worn)
Jewellery
 e - an amulet of faith
Scrolls
 f - a scroll of noise {unknown}
 g - a scroll of vulnerability {unknown}
 h - a scroll of enchant armour {unknown}
 i - a scroll of magic mapping {unknown}
 j - 2 scrolls of identify {unknown}
 n - a scroll of fog {unknown}
Potions
 d - 2 potions of curing {unknown}
 l - a potion of invisibility {unknown}
 m - a potion of brilliance {unknown}


   Skills:
 - Level 1.7 Dodging
 - Level 2.4 Stealth
 + Level 3.0 Spellcasting
 * Level 1.2 Conjurations
 - Level 1.1 Transmutations
 * Level 5.1 Earth Magic


You had 5 spell levels left.
You knew the following spells:

 Your Spells              Type           Power      Damage    Failure   Level
a - Sandblast             Erth           34%        2d9       2%          1
b - Stone Arrow           Conj/Erth      22%        3d8       16%         3

Your spell library contained the following spells:

 Spells                   Type           Power      Damage    Failure   Level
 Passwall                 Tmut/Erth      9%         N/A       9%          2
 Petrify                  Tmut/Erth      11%        N/A       50%         4
 Lee's Rapid Deconstruct  Erth           8%         3d8*      56%         5


Dungeon Overview and Level Annotations

Branches:
Dungeon (2/15)

Altars:

Annotations:
D:2 Crazy Yiuf


Innate Abilities, Weirdness & Mutations

You cannot be hasted, slowed, berserked, paralysed or teleported.
You can dig through walls and to a lower floor.
You have a pair of large antennae on your head. (SInv)
Your four strong arms can wield two-handed weapons with a shield.


Message History

The blast of sand hits Crazy Yiuf.
Crazy Yiuf is lightly wounded.
Crazy Yiuf says, "Rot childish broken!"
Casting: Sandblast (safe; 2% risk of failure)
Confirm with . or Enter, or press ? or * to list all spells.
Aiming: Sandblast (safe; 2% risk of failure)
Press: ? - help, Shift-Dir - straight line, f/p - Crazy Yiuf
Aim: Crazy Yiuf, wielding a +3 quarterstaff of chaos and wearing a +0 cloak of willpower (lightly wounded, 82% to hit)
The blast of sand hits Crazy Yiuf!
Crazy Yiuf is severely wounded.
Crazy Yiuf closely misses you.
Casting: Sandblast (safe; 2% risk of failure)
Confirm with . or Enter, or press ? or * to list all spells.
Aiming: Sandblast (safe; 2% risk of failure)
Press: ? - help, Shift-Dir - straight line, f/p - Crazy Yiuf
Aim: Crazy Yiuf, wielding a +3 quarterstaff of chaos and wearing a +0 cloak of willpower (severely wounded, 82% to hit)
The blast of sand misses Crazy Yiuf.
Crazy Yiuf hits you with a +3 quarterstaff of chaos.
Your stasis prevents you from being slowed.
Casting: Sandblast (safe; 2% risk of failure)
Confirm with . or Enter, or press ? or * to list all spells.
Aiming: Sandblast (safe; 2% risk of failure)
Press: ? - help, Shift-Dir - straight line, f/p - Crazy Yiuf
Aim: Crazy Yiuf, wielding a +3 quarterstaff of chaos and wearing a +0 cloak of willpower (severely wounded, 82% to hit)
The blast of sand hits Crazy Yiuf.
Crazy Yiuf is almost dead.
Crazy Yiuf hits you with a +3 quarterstaff of chaos!
Ouch! That really hurt!
Crazy Yiuf burns you.
* * * LOW HITPOINT WARNING * * *
Unknown command.
Casting: Sandblast (safe; 2% risk of failure)
Confirm with . or Enter, or press ? or * to list all spells.
Aiming: Sandblast (safe; 2% risk of failure)
Press: ? - help, Shift-Dir - straight line, f/p - Crazy Yiuf
Aim: Crazy Yiuf, wielding a +3 quarterstaff of chaos and wearing a +0 cloak of willpower (almost dead, 82% to hit)
The blast of sand misses Crazy Yiuf.
Crazy Yiuf grits, "Line!
Prologue turtle koolooloo."
Crazy Yiuf hits you with a +3 quarterstaff of chaos!
You die...

#####....#####.#.......
#....# #.#.......
♣.P.P♣ ###.........
♣♣PP)♣ #.....).....
♣♣)♣♣ #........... ♣♣)♣
#........... ♣)♣♣
#........... ♣♣)♣
#.....###### ♣@♣♣
#.....# ## #g# #.....#
#. ))) #.....# #. #)))#
#.....# #. #).)#
#.....#####. #####
#.....#...'.
#.....#.###. #.....#.#
## #######.#


You could see Crazy Yiuf.

Vanquished Creatures
  Jessica (D:2)
  2 worms (D:2)
  3 dart slugs
  5 bats
  2 endoplasms
  A giant cockroach (D:1)
  5 goblins
  3 hobgoblins
  5 jackals (D:2)
  A quokka (D:1)
  4 ball pythons
  A frilled lizard (D:1)
  A kobold (D:1)
  3 rats (D:1)
37 creatures vanquished.

Notes
Turn   | Place    | Note
-------+----------+-------------------------------------------
     0 | D:1      | hatdisgam the Formicid Earth Elementalist began the quest
                  | for the Orb.
     0 | D:1      | Reached XP level 1. HP: 13/13 MP: 3/3
   277 | D:1      | Reached skill level 4 in Earth Magic
   286 | D:1      | Found a faded altar of an unknown god.
   340 | D:1      | Reached XP level 2. HP: 19/19 MP: 5/5
   895 | D:1      | Reached XP level 3. HP: 24/24 MP: 4/6
  1448 | D:1      | Learned a level 3 spell: Stone Arrow
  2008 | D:2      | Noticed Jessica
  2015 | D:2      | Killed Jessica
  2016 | D:2      | Reached skill level 1 in Conjurations
  2016 | D:2      | Reached skill level 5 in Earth Magic
  2016 | D:2      | Reached XP level 4. HP: 7/30 MP: 3/8
  2927 | D:2      | Found a runed translucent door.
  2928 | D:2      | Noticed Crazy Yiuf
  3534 | D:2      | Mangled by Crazy Yiuf

Illustrated notes

Levels and vault maps discovered:
D:1:      dpeg_arrival_round_b, layout_basic,
          ebering_ecumenical_altar_sacrificial
D:2:      layout_basic, uniq_jessica, uniq_crazy_yiuf_cottage

Skill      XL: |  1  2  3  4 |
---------------+-------------+-----
Earth Magic    | 4 5 |  5.1
Conjurations   | 1 |  1.2
Spellcasting   | 3 |  3.0
Dodging        | |  1.7
Stealth        | |  2.4
Transmutations | |  1.1

Action                   |  1- 3 |  4- 6 || total
-------------------------+-------+-------++-------
Melee: Unarmed           |     4 |       ||     4
       Whip              |    68 |       ||    68
       Hand axe          |    16 |    28 ||    44
 Cast: Sandblast         |    29 |     7 ||    36
 Stab: Sleeping          |     2 |       ||     2
Armor: Robe              |    32 |     5 ||    37
Dodge: Dodged            |    83 |    32 ||   115

Table legend: (Time is in decaauts)
 A = Elapsed time spent in this place.
 B = Non-inter-level travel time spent in this place.
 C = Inter-level travel time spent in this place.
 D = Time resting spent in this place.
 E = Time spent auto-exploring this place.
 F = Levels seen in this place.
 G = Mean time per level.
                   A        B        C        D        E       F      G
               +--------+--------+--------+--------+--------+-----+--------+
         Total |   3553 |   3530 |     23 |    262 |   2904 |   2 | 1776.5 |
       Dungeon |   3553 |   3530 |     23 |    262 |   2904 |   2 | 1776.5 |
               +--------+--------+--------+--------+--------+-----+--------+

Top non-repeatable levels by time:
     D:2: 2100 daAuts
     D:1: 1453 daAuts
